 Dungeon Crawl Stone Soup version 0.28.0-45-g0d030f2227 (webtiles) character file.

Game seed: 1461205924292934496

34 pkoi the Ruffian (level 3, -1/29 HPs)
             Began as a Demigod Gladiator on Apr 7, 2022.
             Splashed by a jelly's acid (4 damage)
             ... on level 2 of the Dungeon.
             The game lasted 00:00:59 (1502 turns).

pkoi the Ruffian (Demigod Gladiator)                Turns: 1502, Time: 00:01:00

Health: -1/29      AC:  0    Str: 19    XL:     3   Next: 1%
Magic:  5/5        EV: 12    Int: 10    God:
Gold:   35         SH:  0    Dex: 15    Spells: 2/2 levels left

rFire   . . .      SeeInvis .     - Unarmed
rCold   . . .      Faith    .   (no shield)
rNeg    . . .      Spirit   .   a - +0 leather armour
rPois   .          Reflect  .   b - +0 helmet
rElec   .          Harm     .   (no cloak)
rCorr   .          Rampage  .   (no gloves)
Will    .....                   (no boots)
Stlth   +.........              (no amulet)
HPRegen 0.09/turn               (no ring)
MPRegen 0.09/turn               (no ring)

@: corroded, very slow
A: high MP 1, forlorn, divine attributes
a: no special abilities


You were on level 2 of the Dungeon.
You visited 1 branch of the dungeon, and saw 2 of its levels.

You collected 35 gold pieces.

Inventory:

Hand Weapons
 e - a +0 short sword
Missiles
 c - 3 throwing nets (quivered)
Armour
 a - a +0 leather armour (worn)
 b - a +0 helmet (worn)
Scrolls
 f - a scroll of holy word {unknown}
 g - a scroll of identify {unknown}
Potions
 d - a potion of curing {unknown}
 h - a potion of might {unknown}


   Skills:
 + Level 2.2 Fighting
 - Level 1.7 Throwing
 + Level 3.0 Dodging
 * Level 3.3 Unarmed Combat


You had 2 spell levels left.
You didn't know any spells.
Your spell library was empty.

Dungeon Overview and Level Annotations

Branches:
Dungeon (2/15)


Innate Abilities, Weirdness & Mutations

You have an increased reservoir of magic. (+10% MP)
You shall have no god before yourself.
Your divine heritage dramatically boosts your attributes as you level up.


Message History

No reachable target in view!
No reachable target in view!
No reachable target in view!
The frilled lizard hisses angrily.
You miss the frilled lizard.
The frilled lizard hisses.
The frilled lizard bites you.
You punch the frilled lizard!
You kill the frilled lizard!
No target in view!
No target in view!
No target in view!
No target in view!
No target in view!
No target in view!
No target in view!
No target in view!
You enter the shallow water.
Moving in this stuff is going to be slow.
A jelly comes into view.
The jelly quivers.
A jelly is nearby!
A jelly is nearby!
The jelly hits you but does no damage.
You punch the jelly!
Your hands burn!
The jelly is heavily wounded.
The jelly hits you.
* * * LOW HITPOINT WARNING * * *
You are splashed with acid!
* * * LOW HITPOINT WARNING * * *
You hit the jelly.
Your hands burn!
* * * LOW HITPOINT WARNING * * *
The jelly is severely wounded.
The jelly closely misses you.
You hit the jelly.
Your hands burn!
* * * LOW HITPOINT WARNING * * *
The jelly is severely wounded.
The jelly misses you.
You hit the jelly. The acid corrodes you!
Your hands burn!
You die...

#######.#...##### ##...##.#.....
♣≈≈♣≈≈≈≈#...# #........####
≈≈≈♣≈≈♣♣♣≈≈♣### ###.#########
≈≈≈P≈≈≈≈♣≈♣♣♣≈# #.#.......#
P≈≈≈≈≈≈≈≈P≈≈P♣♣# #.#.#####.#
≈≈≈≈≈≈≈♣≈≈≈≈≈♣≈## #......##.#
≈≈≈≈≈≈≈≈≈♣≈≈≈≈♣P## ###.##.##.#
≈≈≈≈≈≈≈≈≈≈≈≈♣≈≈♣≈########........
≈≈≈≈≈≈≈≈≈≈≈≈P≈≈≈@J.....##.......#
≈≈≈≈≈≈≈≈≈≈♣≈≈≈≈♣≈#####.###.....##
≈≈≈≈≈≈≈≈≈≈≈≈≈♣♣≈.# #.....#
≈≈≈≈≈≈P≈P≈P≈≈♣♣... #.....#
≈≈≈≈≈♣≈≈≈≈≈♣≈♣##.## #######
≈≈≈P≈≈♣♣♣≈♣ #.# ≈P #.. ##.


You could see a jelly.

Vanquished Creatures
  A dart slug (D:2)
  5 endoplasms (D:1)
  2 giant cockroaches (D:1)
  A goblin (D:1)
  3 hobgoblins
  2 jackals (D:2)
  2 quokkas (D:1)
  4 ball pythons
  A bat (D:1)
  2 frilled lizards (D:2)
  3 kobolds (D:1)
  2 rats (D:1)
28 creatures vanquished.

Vanquished Creatures (others)
  16 plants (D:2)
16 creatures vanquished.

Grand Total: 44 creatures vanquished

Notes
Turn   | Place    | Note
-------+----------+-------------------------------------------
     0 | D:1      | pkoi the Demigod Gladiator began the quest for the Orb.
     0 | D:1      | Reached XP level 1. HP: 17/17 MP: 3/3
   531 | D:1      | Reached XP level 2. HP: 9/24 MP: 4/4
  1423 | D:2      | Reached XP level 3. HP: 29/29 MP: 5/5
  1502 | D:2      | Splashed by a jelly's acid

Illustrated notes

Levels and vault maps discovered:
D:1:      minmay_arrival_radiant_lines, layout_rooms
D:2:      layout_loops_cross, shapermc_ecumenical_altar_venn, basic_altar,
          serial_bayou_lake_a

Skill      XL: |  1  2 |
---------------+-------+-----
Fighting       | 2 |  2.2
Unarmed Combat | 3 |  3.3
Dodging        | 3 |  3.0
Throwing       | |  1.7

Action                   || total
-------------------------++-------
Melee: Unarmed           ||    93
       Punch             ||     7
Armor: Leather armour    ||    24
Dodge: Dodged            ||    53
